 Dungeon Crawl Stone Soup version 0.28-a0-938-gbc3f381ebc (webtiles) character file.

Game seed: 9359642711006487406

81312 croobank the Basher (level 16, -2/113 HPs)
             Began as a Human Monk on Nov 28, 2021.
             Was the Champion of Jiyva.
             Slain by an eight-headed hydra (12 damage)
             ... on level 4 of the Lair of Beasts on Nov 29, 2021.
             The game lasted 04:03:29 (20019 turns).

croobank the Basher (Human Monk)                   Turns: 20019, Time: 04:03:29

Health: -2/113     AC: 17    Str: 24    XL:     16   Next: 17%
Magic:  41/42      EV:  9    Int: 14    God:    Jiyva [******]
Gold:   852        SH:  5    Dex: 17    Spells: 31/31 levels left

rFire   + + +      SeeInvis .   d - +5 flail of Hell's Wrath {vorpal, rPois rF+ rN+}
rCold   . . .      Faith    .   (no shield)
rNeg    + + .      Spirit   .   J - +2 plate armour {rF+}
rPois   +          Reflect  +   (no helmet)
rElec   .          Harm     .   p - +0 cloak
rCorr   +          Rampage  .   c - +0 pair of gloves
Will    +....                   h - +1 pair of boots
Stlth   ..........              f - amulet of Coeckem {Reflect *Slow Fly MP+9 SH+5}
HPRegen 1.88/turn               M - +6 ring of strength
MPRegen 0.78/turn               X - ring "Zaucziom" {rN+ Slay+4}

@: lethally poisoned (-2 -> -3), calling ooze, flying, slowed, very slow
A: fangs 2, iridescent scales 1, camouflage 1, clever 2, fire resistance 1, high
mp 2, acidic bite, eyeballs 1, gelatinous body 1, pseudopods 3, jelly sensing
items, MP-powered wands
a: Renounce Religion, Oozemancy, Slimify


You were on level 4 of the Lair of Beasts.
You worshipped Jiyva.
Jiyva was exalted by your worship.
You visited 3 branches of the dungeon, and saw 21 of its levels.
You also visited: Sewer.

You collected 1344 gold pieces.
You spent 492 gold pieces at shops.

Inventory:

Hand Weapons
 a - the +4 long sword "Esheorgh" {vorpal, +Blink}
   (You found it on level 8 of the Dungeon)

   It inflicts extra damage upon your enemies.
   +Blink:    It lets you blink.
 b - the +4 shortbow "Qurcher" {flame, rN+ Will+}
   (You took it off an orc warlord on level 1 of the Orcish Mines)

   Any ammunition fired from it burns those it strikes, dealing additional fire
   damage.
   rN:        It protects you from negative energy.
   Will:      It increases your willpower.
 d - the +5 flail of Hell's Wrath (weapon) {vorpal, rPois rF+ rN+}
   (You found it on level 1 of the Lair of Beasts)

   It inflicts extra damage upon your enemies.
   rF:        It protects you from fire.
   rPois:     It protects you from poison.
   rN:        It protects you from negative energy.
 k - a +2 dagger of speed
 t - a +1 dagger of distortion
 C - a +0 eveningstar of flaming
 E - a +7 short sword
 P - a +2 battleaxe of freezing
 Q - a +4 dire flail
 R - a +3 spear of venom
 T - the +6 trident of Butchery {venom, rF- rN+ rCorr Dex+3}
   (You took it off a gnoll sergeant on level 7 of the Dungeon)

   It poisons the flesh of those it strikes.
   Dex:       It affects your dexterity (+3).
   rF:        It makes you vulnerable to fire.
   rN:        It protects you from negative energy.
   rCorr:     It protects you from acid and corrosion.
Missiles
 g - 269 stones
 m - 4 atropa-tipped darts
 o - 354 arrows
 q - a throwing net (quivered)
 G - 10 boomerangs
 H - 16 poisoned darts
 K - 136 bolts
 Y - 3 curare-tipped darts
Armour
 c - a +0 pair of gloves (worn)
 h - a +1 pair of boots (worn)
 p - a +0 cloak (worn)
 r - the +1 ring mail of Fashionability {Int+3}
   (You found it on level 8 of the Dungeon)

   Int:       It affects your intelligence (+3).
 y - a +0 chain mail of poison resistance
 D - a +0 plate armour of cold resistance
 J - a +2 plate armour of fire resistance (worn)
 S - a +0 buckler
 U - a +4 scale mail
 V - a +0 kite shield
Magical Staves
 s - a staff of conjuration
Jewellery
 e - a +6 ring of dexterity
 f - the amulet of Coeckem (around neck) {Reflect *Slow Fly MP+9 SH+5}
   (You found it on level 7 of the Dungeon)

   [amulet of reflection]

   It reflects blocked missile attacks.
   MP:        It affects your magic capacity (+9).
   Fly:       It grants you flight.
   *Slow:     It may slow you when you take damage.
   SH:        It affects your SH (+5).
 l - a ring of magical power
 F - a +4 ring of evasion
 M - a +6 ring of strength (left hand)
 X - the ring "Zaucziom" (right hand) {rN+ Slay+4}
   (You took it off a gnoll shaman on level 7 of the Dungeon)

   [ring of slaying]

   Slay:      It affects your accuracy & damage with ranged weapons and melee
   (+4).
   rN:        It protects you from negative energy.
Wands
 i - a wand of digging (15)
 n - a wand of polymorph (28)
 A - a wand of flame (9)
 B - a wand of acid (10)
Scrolls
 u - 7 scrolls of teleportation
 v - a scroll of magic mapping
 x - 2 scrolls of fog
 z - a scroll of enchant armour {unknown}
Potions
 j - 3 potions of heal wounds
 w - a potion of brilliance
 I - 3 potions of curing
 O - a potion of flight {unknown}
 W - a potion of invisibility
 Z - a potion of magic


   Skills:
 - Level 6.9 Fighting
 - Level 11.8(13.9) Short Blades
 - Level 11.9(14.0) Long Blades
 - Level 5.4(10.3) Axes
 - Level 13.5(14.0) Maces & Flails
 - Level 5.3 Bows
 - Level 6.7 Armour
 - Level 3.4 Dodging
 - Level 2.2 Stealth
 - Level 8.2 Spellcasting
 - Level 9.0 Conjurations
 + Level 4.0 Evocations


You had 31 spell levels left.
You didn't know any spells.
Your spell library contained the following spells:

 Spells                   Type           Power      Damage    Failure   Level
 Magic Dart               Conj           100%       1d8       4%          1
 Static Discharge         Conj/Air       18%        N/A       38%         2
 Dazzling Flash           Conj/Hex       36%        N/A       63%         3
 Stone Arrow              Conj/Erth      36%        3d9       63%         3
 Apportation              Tloc           10%        N/A       87%         1
 Sting                    Tmut/Pois      20%        1d4       87%         1
 Summon Small Mammal      Summ           20%        N/A       87%         1
 Corpse Rot               Necr/Air       10%        N/A       95%         2
 Poisonous Vapours        Pois/Air       10%        N/A       95%         2
 Fulminant Prism          Conj/Hex       9%         3d7       95%         4
 Iskenderun's Mystic Bla  Conj/Tloc      18%        2d6       95%         4
 Sticky Flame             Conj/Fire      18%        2d4       95%         4
 Call Canine Familiar     Summ           5%         N/A       99%         3
 Inner Flame              Hex/Fire       5%         N/A       99%         3
 Spider Form              Tmut/Pois      5%         N/A       99%         3
 Summon Guardian Golem    Hex/Summ       5%         N/A       99%         3
 Teleport Other           Tloc           5%         N/A       99%         3
 Cause Fear               Hex            2%         N/A       100%        4
 Dispel Undead            Necr           5%         3d7       100%        4
 Leda's Liquefaction      Hex/Erth       2%         N/A       100%        4
 Alistair's Intoxication  Tmut/Pois      3%         N/A       100%        5
 Borgnjor's Vile Clutch   Necr/Erth      2%         N/A       100%        5
 Lee's Rapid Deconstruct  Erth           2%         3d6*      100%        5
 Dispersal                Tloc           2%         N/A       100%        6
 Eringya's Noxious Bog    Tmut/Pois      2%         N/A       100%        6
 Malign Gateway           Summ/Tloc      2%         N/A       100%        7
 Discord                  Hex            2%         N/A       100%        8
 Chain Lightning          Conj/Air       9%         3d12      100%        9


Dungeon Overview and Level Annotations

Branches:
Dungeon (15/15)            Temple (0/1) D:4            Lair (4/6) D:11
 Shoals (0/4) Lair:3          Orc (2/2) D:9             Elf (0/3) Orc:2
 Vaults (0/5) D:13         Depths (0/4) D:15          Sewer (visited)
  Snake: Lair:2-4    Spider: Lair:2-4

Altars:
Fedhas
Gozag
Kikubaaqudgha
Nemelex Xobeh
Vehumet
Beogh
Jiyva
Lugonu

Shops:
D:2 [   D:11 *   Orc:2 [*(=

Portals:
Trove: D:11 (give 4 scrolls of blinking)

Annotations:
D:11 3 runed translucent doors, mordus's ghost, journeyman FoFi; siradein's ghost, journeyman HOFi


Innate Abilities, Weirdness & Mutations

You have extremely sharp teeth.
You are partially covered in iridescent scales. (AC +2)
Your skin changes colour to match your surroundings (Stealth+).
Your mind is very acute. (Int +4)
Your flesh is heat resistant. (rF+)
You have a considerably increased reservoir of magic. (+20% MP)
You have acidic saliva.
Your body has grown eyes which may confuse attackers. (Acc +3)
Your rubbery body absorbs attacks. (AC +1, EV +1)
Armour fits poorly on your massive pseudopods.
You have a small jelly attached to you that senses nearby items.
You expend magic power (3 MP) to strengthen your wands.


Message History

Your Evocations skill increases to level 4!
d - the +5 flail of Hell's Wrath (weapon)
{vorpal, rPois rF+ rN+} The yak gores you but does no damage.
You barely miss the yak. You bludgeon the yak, but do no damage.
You block the yak's attack.
An eight-headed hydra comes into view.
The cane toad stings you!
The cane toad stings you but does no damage.
You hit the cane toad. You bludgeon the cane toad.
The cane toad is moderately wounded.
You block the yak's attack. The water moccasin bites you.
A black mamba comes into view.
The cane toad completely misses you.
Activating: Oozemancy
Press: ? - help, Dir - look around, f - activate Slime begins to ooze from the nearby walls!
The black mamba hisses angrily.
The wall burns the black mamba!
The walls burn the water moccasin!
The water moccasin barely misses you.
The walls burn the yak!
The yak gores you!
The wall burns the black mamba!
The wall burns the cane toad!
The cane toad stings you!
* * * LOW HITPOINT WARNING * * *
You are poisoned.
The cane toad poisons you!
The wall burns the eight-headed hydra!
The walls burn the water moccasin!
The water moccasin bites you but does no damage.
A torpor snail comes into view.
The walls burn the yak!
You block the yak's attack.
The wall burns the black mamba!
You sock the black mamba!
The black mamba is severely wounded.
You feel very sick.
The walls burn the water moccasin!
The water moccasin closely misses you.
The wall burns the black mamba!
You block the black mamba's attack.
The walls burn the yak!
You block the yak's attack.
The wall burns the eight-headed hydra!
The eight-headed hydra bites you!
* * * LOW HITPOINT WARNING * * *
The eight-headed hydra bites you but does no damage.
The eight-headed hydra bites you!
You die...

#.S≈ ## #..S
###.#.Y≈ .. #.....≈
≈ ..###..... ≈.
...#.....# ≈..
.........## ≈..#
.........Y## FD.#
.........S@##...##.
..........SDF.w....
.........#.........
...##...#####......
. #....# #.........
##...## #.........
##...# #........##
#...###.........#
##...##.........#


You could see an eight-headed hydra, a torpor snail, a black mamba, a yak, a
cane toad and a water moccasin.

Vanquished Creatures
  Kirke (Lair:3)
  3 orc warlords
  Louise (D:14)
  A juggernaut skeleton (D:15)
  8 vault guards (D:13)
  A catoblepas (D:13)
  4 hydras
  An ogre mage (D:15)
  Erolcha (D:10)
  The ghost of AttackTheMoon the Cleaver, a novice HOFi of Lugonu (D:7)
  4 centaur warriors
  A death knight (D:11)
  7 two-headed ogres
  3 orc high priests (Orc:2)
  Sonja (D:10)
  3 skeletal warriors
  2 phantasmal warriors
  A wizard (D:7)
  A necromancer (D:15)
  7 orc sorcerers
  7 orc knights
  18 ugly things
  2 deep elf pyromancers
  6 cyclopes
  2 manticores (D:14)
  6 elephants (Lair:2)
  5 black mambas (Lair:3)
  A centaur zombie (D:11)
  4 cane toads
  A frost giant skeleton (D:15)
  2 gargoyles (D:11)
  An unseen horror (D:12)
  2 kobold demonologists (D:12)
  5 yaktaurs (D:15)
  2 freezing wraiths (D:11)
  3 komodo dragons
  6 trolls
  2 polar bears
  6 blink frogs
  3 hornets (Lair:3)
  A snapping turtle (shapeshifter) (D:9)
  12 spriggans (Lair:3)
  2 wraiths
  3 wyverns
  31 yaks
  2 shadows
  A vampire (D:12)
  4 basilisks
  A hog (Lair:3)
  3 steam dragons
  8 vampire mosquitoes
  A tengu zombie (D:15)
  6 wargs
  12 water moccasins
  A hornet zombie (D:7)
  An ice beast (D:8)
  49 orc warriors
  2 sky beasts (D:7)
  3 necrophages
  12 centaurs
  A wolf (Lair:3)
  3 boggarts (Lair:3)
  8 ogres
  3 phantoms
  8 bullfrogs
  3 gnoll sergeants (D:7)
  2 scorpions
  2 wyvern zombies
  A wyvern skeleton (D:7)
  8 killer bees
  3 howler monkeys
  12 wights
  2 jellies
  22 orc priests
  2 hounds (D:7)
  2 gnoll shamans (D:7)
  16 orc wizards
  An iguana (D:6)
  A howler monkey zombie (D:9)
  15 gnolls (D:7)
  11 adders
  2 shadow imps
  2 white imps
  An ufetubus (D:2)
  3 adder skeletons
  A dart slug (D:4)
  77 orcs
  A bat (D:1)
  14 giant cockroaches
  3 hobgoblins
  2 jackals (D:1)
  13 quokkas
  14 ball pythons
  9 frilled lizards
  4 goblins
  7 kobolds
  4 rats
  A spectral goblin (D:1)
575 creatures vanquished.

Vanquished Creatures (collateral kills)
  Harold (D:7)
  A hydra (D:7)
  A two-headed ogre (Orc:1)
  An orc knight (Orc:1)
  A cyclops (D:7)
  Menkaure (D:7)
  2 orc warriors
  An ogre (D:5)
  A centaur (D:8)
  A water moccasin skeleton (D:5)
  3 wights
  An iguana (D:5)
  2 orc wizards
  A killer bee simulacrum (D:7)
  A gnoll (D:7)
  2 orcs
21 creatures vanquished.

Vanquished Creatures (others)
  A two-headed ogre (D:12)
  An orc knight (D:15)
  A stone giant zombie (D:15)
  A manticore (D:7)
  A cyclops (D:13)
  An unseen horror (D:12)
  An efreet (D:14)
  12 slime creatures
  Sigmund (D:4)
  A shadow (D:12)
  A vampire mosquito (D:7)
  A warg (shapeshifter) (D:15)
  A water moccasin (D:11)
  A sky beast (D:5)
  2 orc warriors
  A centaur (D:14)
  3 bullfrogs
  A gnoll sergeant (D:7)
  A scorpion (D:4)
  A killer bee (D:7)
  A wight (D:7)
  A howler monkey (D:4)
  A centaur zombie (D:7)
  A centaur skeleton (D:7)
  93 jellies
  2 hounds (D:4)
  3 orc priests
  A bullfrog skeleton (D:6)
  4 iguanas
  6 orc wizards
  A hound skeleton (D:4)
  2 gnolls (D:7)
  3 adders
  A shadow imp (D:6)
  A white imp (D:7)
  An ufetubus (D:4)
  2 worms
  2 dart slugs
  29 orcs
  6 ball pythons
  12 endoplasms (Sewer)
  6 giant cockroaches
  4 quokkas (Sewer)
  A bat (D:1)
  9 frilled lizards (Sewer)
  7 kobolds
  A rat (D:1)
  A bush (D:11)
  10 demonic plants (D:12)
  51 fungi
  87 plants
  24 withered plants
408 creatures vanquished.

Grand Total: 1004 creatures vanquished

Notes
Turn   | Place    | Note
-------+----------+-------------------------------------------
     0 | D:1      | croobank the Human Monk began the quest for the Orb.
     0 | D:1      | Reached XP level 1. HP: 18/18 MP: 1/1
    72 | D:1      | Reached XP level 2. HP: 14/24 MP: 2/2
   292 | D:1      | Found a faded altar of an unknown god.
   312 | D:1      | Prayed at the altar of an unknown god.
   312 | D:1      | Became a worshipper of Jiyva Jostrill the Shapeless
   312 | D:1      | Reached * piety under Jiyva
   312 | D:1      | Reached ** piety under Jiyva
   603 | D:2      | Found Soplot's Antique Armour Boutique.
   603 | D:2      | Reached *** piety under Jiyva
   619 | D:2      | Reached XP level 3. HP: 11/29 MP: 3/3
   758 | D:2      | Gained mutation: Your flesh is heat resistant. (rF+)
                  | [Jiyva's grace]
   758 | D:2      | Gained mutation: Your flesh is very heat resistant. (rF++)
                  | [Jiyva's grace]
   758 | D:2      | Gained mutation: Your flesh is almost immune to the effects
                  | of heat. (rF+++) [Jiyva's grace]
   758 | D:2      | Gained mutation: Your spells are a little harder to cast,
                  | but a little more powerful. [Jiyva's grace]
  1231 | D:2      | Reached **** piety under Jiyva
  1288 | D:3      | Reached skill level 1 in Spellcasting
  1388 | D:3      | Reached XP level 4. HP: 35/35 MP: 5/5
  2052 | D:3      | Reached ***** piety under Jiyva
  2272 | D:4      | Found a staircase to the Ecumenical Temple.
  2284 | D:4      | Killed Sigmund
  2327 | D:4      | Found a glowing drain.
  2331 | Sewer    | Entered a sewer
  2438 | Sewer    | Reached XP level 5. HP: 41/41 MP: 8/8
  2561 | Sewer    | Killed a bullfrog
  2641 | Sewer    | Noticed a bullfrog
  2655 | Sewer    | Slimified a bullfrog
  2655 | Sewer    | a bullfrog changed into a jelly
  2869 | D:4      | Gained mutation: You have a small jelly attached to you
                  | that senses nearby items. [Jiyva's grace]
  2869 | D:4      | Gained mutation: Your melee attacks may engulf your foes in
                  | ooze. [Jiyva's grace]
  2869 | D:4      | Gained mutation: Your body has grown eyes which may confuse
                  | attackers. (Acc +3) [Jiyva's grace]
  2869 | D:4      | Gained mutation: Your body has grown many eyes which may
                  | confuse attackers. (Acc +5) [Jiyva's grace]
  3471 | D:5      | Entered Level 5 of the Dungeon
  3471 | D:5      | Found a large runed translucent door.
  3492 | D:5      | Found a large runed translucent door.
  3492 | D:5      | Noticed a phantom
  3492 | D:5      | Noticed an ogre
  3502 | D:5      | Noticed an ogre
  3504 | D:5      | Killed a phantom
  3505 | D:5      | Reached XP level 6. HP: 38/47 MP: 11/11
  3509 | D:5      | Killed an ogre
  3595 | D:5      | Killed a sky beast
  3682 | D:5      | Noticed an ogre
  3695 | D:5      | Reached skill level 5 in Spellcasting
  3698 | D:5      | Killed an ogre
  3699 | D:5      | Reached XP level 7. HP: 44/52 MP: 14/14
  4007 | D:5      | Reached skill level 5 in Axes
  4040 | D:5      | Found an opulent altar of Gozag.
  4043 | D:5      | Found an ancient bone altar of Kikubaaqudgha.
  4226 | D:6      | Reached XP level 8. HP: 60/60 MP: 15/15
  4291 | D:6      | Reached skill level 1 in Conjurations
  4456 | D:6      | Lost mutation: Your spells are a little harder to cast, but
                  | a little more powerful. [Jiyva's grace]
  4456 | D:6      | Gained mutation: You have very sharp teeth. [Jiyva's grace]
  4456 | D:6      | Gained mutation: You have extremely sharp teeth. [Jiyva's
                  | grace]
  4456 | D:6      | Gained mutation: You have razor-sharp teeth. [Jiyva's
                  | grace]
  4456 | D:6      | Gained mutation: You have an increased reservoir of magic.
                  | (+10% MP) [Jiyva's grace]
  4591 | D:7      | Killed a slime creature
  4608 | D:7      | Killed a manticore
  4615 | D:7      | Noticed Harold
  4617 | D:7      | Killed a slime creature
  4652 | D:7      | Found a transporter.
  4662 | D:7      | Identified the +6 trident of Butchery {venom, rF- rN+ rCorr
                  | Dex+3}
  4664 | D:7      | Reached skill level 5 in Fighting
  4673 | D:7      | HP: 1/57 [Harold (19)]
  4675 | D:7      | Noticed AttackTheMoon's ghost (novice HOFi)
  4678 | D:7      | Killed Harold
  4679 | D:7      | Reached skill level 5 in Conjurations
  4679 | D:7      | Reached XP level 9. HP: 22/71 MP: 18/18
  4688 | D:7      | Identified the ring "Zaucziom" {rN+ Slay+4}
  4845 | D:7      | Noticed a seven-headed hydra
  4846 | D:7      | Noticed Menkaure
  4850 | D:7      | Killed a seven-headed hydra
  4855 | D:7      | Killed Menkaure
  4947 | D:7      | Found a transporter.
  4991 | D:7      | Reached skill level 5 in Short Blades
  5019 | D:7      | Reached XP level 10. HP: 13/77 MP: 19/19
  5373 | D:7      | Noticed a cyclops
  5373 | D:7      | Noticed a wizard
  5381 | D:7      | Killed a wizard
  5389 | D:7      | Killed a cyclops
  5393 | D:7      | Identified the amulet of Coeckem {Reflect *Slow Fly MP+9
                  | SH+5}
  5522 | D:7      | Noticed a komodo dragon
  5536 | D:7      | Killed a komodo dragon
  5566 | D:7      | Noticed a two-headed ogre
  5577 | D:7      | Killed a two-headed ogre
  5611 | D:7      | Noticed a cyclops
  5624 | D:7      | Killed a cyclops
  5625 | D:7      | Reached skill level 10 in Short Blades
  5626 | D:7      | Found a blossoming altar of Fedhas.
  5809 | D:7      | Noticed a red ugly thing
  5826 | D:7      | Killed a red ugly thing
  5827 | D:7      | Reached XP level 11. HP: 76/83 MP: 20/20
  6008 | D:8      | Identified the +1 ring mail of Fashionability {Int+3}
  6086 | D:8      | Found a sparkling altar of Nemelex Xobeh.
  6373 | D:8      | Identified the +4 long sword "Esheorgh" {vorpal, +Blink}
  6455 | D:9      | Lost mutation: Your flesh is almost immune to the effects
                  | of heat. (rF+++) [Jiyva's grace]
  6455 | D:9      | Gained mutation: You have acidic saliva. [Jiyva's grace]
  6455 | D:9      | Gained mutation: You are partially covered in iridescent
                  | scales. (AC +2) [Jiyva's grace]
  6455 | D:9      | Gained mutation: You are mostly covered in iridescent
                  | scales. (AC +4) [Jiyva's grace]
  6455 | D:9      | Gained mutation: You are completely covered in iridescent
                  | scales. (AC +6) [Jiyva's grace]
  6487 | D:9      | Reached skill level 1 in Long Blades
  6515 | D:9      | Found a staircase to the Orcish Mines.
  6617 | D:9      | Noticed a faun
  6619 | D:9      | Noticed a manticore
  6619 | D:9      | a faun changed into a manticore
  6631 | D:9      | a manticore changed into a snapping turtle
  7453 | D:10     | Entered Level 10 of the Dungeon
  7485 | D:10     | Noticed Erolcha
  7486 | D:10     | Reached skill level 5 in Long Blades
  7491 | D:10     | Killed Erolcha
  7565 | D:10     | Noticed an orange crystal statue
  7748 | Orc:1    | Entered Level 1 of the Orcish Mines
  7794 | Orc:1    | Noticed a two-headed ogre
  7862 | D:9      | Killed a two-headed ogre
  7863 | D:9      | Reached XP level 12. HP: 74/89 MP: 21/21
  8138 | Orc:1    | Found a radiant altar of Vehumet.
  8449 | Orc:1    | Noticed a two-headed ogre
  8457 | Orc:1    | Killed a two-headed ogre
  8465 | Orc:1    | Noticed an orc warlord
  8471 | Orc:1    | Reached skill level 10 in Long Blades
  8662 | Orc:1    | Identified the +4 shortbow "Qurcher" {flame, rN+ Will+}
  8676 | Orc:1    | Killed an orc warlord
  8877 | Orc:2    | Entered Level 2 of the Orcish Mines
  8884 | Orc:2    | Found a staircase to the Elven Halls.
  9056 | Orc:1    | Noticed an orc warlord
  9084 | Orc:1    | Killed an orc warlord
  9085 | Orc:1    | Reached XP level 13. HP: 70/95 MP: 23/23
  9318 | Orc:1    | Got the Incunabulum of Feathery Stones
  9341 | Orc:1    | Got Kyekhlauda's Disquisition on Poison
 10298 | Orc:2    | Noticed an orc warlord
 10319 | Orc:2    | Killed an orc warlord
 10795 | Orc:2    | Found Qayn Lis's General Store.
 10795 | Orc:2    | Found Xoic's Jewellery Shop.
 10797 | Orc:2    | Found Vopa's Antique Armour Boutique.
 10797 | Orc:2    | Found Porph's Antique Weapon Boutique.
 10810 | Orc:2    | Lost mutation: You are completely covered in iridescent
                  | scales. (AC +6) [Jiyva's grace]
 10810 | Orc:2    | Lost mutation: Your flesh is very heat resistant. (rF++)
                  | [Jiyva's grace]
 10810 | Orc:2    | Lost mutation: You have an increased reservoir of magic.
                  | (+10% MP) [Jiyva's grace]
 10810 | Orc:2    | Lost mutation: Your body has grown many eyes which may
                  | confuse attackers. (Acc +5) [Jiyva's grace]
 10810 | Orc:2    | Lost mutation: You have a small jelly attached to you that
                  | senses nearby items. [Jiyva's grace]
 10810 | Orc:2    | Lost mutation: Your melee attacks may engulf your foes in
                  | ooze. [Jiyva's grace]
 10810 | Orc:2    | Gained mutation: You are agile. (Dex +2) [Jiyva's grace]
 10810 | Orc:2    | Gained mutation: You are very agile. (Dex +4) [Jiyva's
                  | grace]
 10810 | Orc:2    | Gained mutation: You expend magic power (3 MP) to
                  | strengthen your wands. [Jiyva's grace]
 10810 | Orc:2    | Gained mutation: Your rubbery body absorbs attacks. (AC +1,
                  | EV +1) [Jiyva's grace]
 10989 | Orc:2    | Bought a scroll of teleportation for 36 gold pieces
 10989 | Orc:2    | Bought a scroll of teleportation for 36 gold pieces
 11757 | D:7      | Killed AttackTheMoon's ghost
 11925 | D:10     | Noticed Sonja
 11934 | D:10     | Killed Sonja
 11935 | D:10     | Reached skill level 1 in Bows
 12213 | D:11     | Reached skill level 1 in Armour
 12418 | D:12     | Found a corrupted altar of Lugonu.
 12639 | D:11     | Reached XP level 14. HP: 14/101 MP: 26/26
 12765 | D:11     | Found Juimnab's Assorted Antiques.
 12768 | D:11     | Bought a scroll labelled BOAFUI KIALEIH for 30 gold pieces
 12768 | D:11     | Bought a potion of heal wounds for 150 gold pieces
 12768 | D:11     | Bought a potion of curing for 90 gold pieces
 12768 | D:11     | Bought a scroll of teleportation for 90 gold pieces
 12768 | D:11     | Bought a scroll of identify for 60 gold pieces
 12838 | D:11     | Found a runed translucent gate.
 12840 | D:11     | Found a runed translucent gate.
 12848 | D:11     | Found a runed translucent gate.
 12849 | D:11     | Noticed siradein's ghost (journeyman HOFi)
 12850 | D:11     | Noticed mordus's ghost (journeyman FoFi)
 13121 | D:11     | Found a staircase to the Lair.
 13229 | D:11     | Found a portal to a secret trove of treasure.
 13280 | D:11     | Reached skill level 5 in Armour
 13515 | Lair:1   | Entered Level 1 of the Lair of Beasts
 13634 | Lair:1   | Reached skill level 5 in Bows
 13670 | Lair:1   | Lost mutation: You are very agile. (Dex +4) [Jiyva's grace]
 13670 | Lair:1   | Lost mutation: You have acidic saliva. [Jiyva's grace]
 13670 | Lair:1   | Gained mutation: You have an increased reservoir of magic.
                  | (+10% MP) [Jiyva's grace]
 13670 | Lair:1   | Gained mutation: You have a considerably increased
                  | reservoir of magic. (+20% MP) [Jiyva's grace]
 13670 | Lair:1   | Gained mutation: You have a greatly increased reservoir of
                  | magic. (+30% MP) [Jiyva's grace]
 13670 | Lair:1   | Gained mutation: You have acidic saliva. [Jiyva's grace]
 13693 | Lair:1   | Identified the +5 flail of Hell's Wrath {vorpal, rPois rF+
                  | rN+}
 14569 | D:13     | Reached skill level 1 in Maces & Flails
 14586 | D:13     | Got Sif Muna's Papyrus of Combat Magic
 14644 | D:13     | Reached skill level 2 in Maces & Flails
 14658 | D:13     | Reached skill level 3 in Maces & Flails
 14685 | D:13     | Reached skill level 4 in Maces & Flails
 14719 | D:13     | Reached skill level 5 in Maces & Flails
 14742 | D:13     | Found a gate to the Vaults.
 15197 | D:14     | Reached skill level 6 in Maces & Flails
 15227 | D:14     | Noticed Louise
 15271 | D:14     | Killed Louise
 15355 | D:14     | Reached skill level 7 in Maces & Flails
 15522 | D:14     | Reached skill level 8 in Maces & Flails
 15530 | D:14     | Reached XP level 15. HP: 107/107 MP: 35/35
 15580 | D:14     | Found a gate leading to a gauntlet.
 15757 | D:14     | Lost mutation: You have razor-sharp teeth. [Jiyva's grace]
 15757 | D:14     | Gained mutation: You passively dampen the noise of your
                  | surroundings. [Jiyva's grace]
 15757 | D:14     | Gained mutation: You have a small jelly attached to you
                  | that senses nearby items. [Jiyva's grace]
 15757 | D:14     | Gained mutation: Your mind is acute. (Int +2) [Jiyva's
                  | grace]
 15757 | D:14     | Gained mutation: Your mind is very acute. (Int +4) [Jiyva's
                  | grace]
 15861 | D:14     | Reached skill level 9 in Maces & Flails
 16055 | D:15     | Entered Level 15 of the Dungeon
 16358 | D:15     | Reached skill level 10 in Maces & Flails
 16425 | D:15     | Found an opulent altar of Gozag.
 16587 | D:15     | Reached skill level 11 in Maces & Flails
 16807 | D:15     | Found a staircase to the Depths.
 17377 | Lair:1   | Reached skill level 12 in Maces & Flails
 17434 | Lair:1   | Got the Reference Book on Dislocation
 18775 | Lair:3   | Found a frozen archway.
 18805 | Lair:3   | Lost mutation: You are mostly covered in iridescent scales.
                  | (AC +4) [Jiyva's grace]
 18805 | Lair:3   | Lost mutation: You are agile. (Dex +2) [Jiyva's grace]
 18805 | Lair:3   | Lost mutation: You have a greatly increased reservoir of
                  | magic. (+30% MP) [Jiyva's grace]
 18805 | Lair:3   | Lost mutation: You passively dampen the noise of your
                  | surroundings. [Jiyva's grace]
 18805 | Lair:3   | Gained mutation: Armour fits poorly on your pseudopods.
                  | [Jiyva's grace]
 18805 | Lair:3   | Gained mutation: Armour fits poorly on your large
                  | pseudopods. [Jiyva's grace]
 18805 | Lair:3   | Gained mutation: Armour fits poorly on your massive
                  | pseudopods. [Jiyva's grace]
 18805 | Lair:3   | Gained mutation: Your skin changes colour to match your
                  | surroundings (Stealth+). [Jiyva's grace]
 19008 | Lair:3   | Found a staircase to the Shoals.
 19037 | Lair:3   | Reached ****** piety under Jiyva
 19063 | Lair:3   | Reached skill level 13 in Maces & Flails
 19394 | Lair:3   | Reached XP level 16. HP: 113/113 MP: 33/33
 19531 | Lair:3   | Reached skill level 1 in Evocations
 19914 | Lair:4   | Noticed Kirke
 19951 | Lair:3   | Killed Kirke
 20019 | Lair:4   | Slain by an eight-headed hydra

Illustrated notes

Levels and vault maps discovered:
D:1:      heliophobic_arrival_battle_scene, layout_rooms,
          dreamdust_ecumenical_altar_drowned_temple
D:2:      layout_basic, serial_shops, shop_coins
D:3:      layout_basic, kennysheep_generic_room_3
D:4:      layout_loops_corners, temple_statues, gup_sewer_entry_bowl,
          uniq_sigmund
D:5:      layout_basic, jmf_multi_god_temple2
D:6:      layout_cave_pools
D:7:      nzn_winding_woodlands_large [nzn_winding_woodlands_5x5_checkerboard,
          nzn_winding_woodlands_5x15_pool, nzn_winding_woodlands_5x5_perimeter,
          nzn_winding_woodlands_center_pierced_h,
          nzn_winding_woodlands_15x15_boxy_spiral,
          nzn_winding_woodlands_center_triple_pond,
          nzn_winding_woodlands_5x5_default, nzn_winding_woodlands_5x15_cabin,
          nzn_winding_woodlands_5x5_open_star], layout_loops_ring,
          lemuel_tele_altar, gammafunk_ghost_gnarly_gnolls, uniq_harold,
          uniq_menkaure
D:8:      layout_rooms, mainiacjoe_overflow_chevrons
D:9:      layout_loops_ring, david_orc_5
D:10:     layout_small_grid, minivault_16, uniq_sonja, uniq_erolcha
D:11:     layout_loops_ring, minmay_lair_entry_grove, gammafunk_ghost_cemetery,
          serial_shops, kennysheep_mini, nicolae_trove_entry_diagonal
D:12:     kennysheep_kobold_lugonu_temple, layout_long_grid,
          amcnicky_mini_pool_small
D:13:     layout_roguey, erik_vaults_2
D:14:     layout_small_grid, gauntlet_entry_generic, uniq_louise
D:15:     gammafunk_depths_entry_grave, layout_basic,
          nicolae_gozag_cash_rules_everything_around_me
Lair:1:   layout_regular_city, disabler_island, lemuel_fruit_fields
Lair:2:   layout_regular_city
Lair:3:   kb_forest_paths, layout_loops_ring, elwin_shoals_entry_rocks,
          portal_ice_cave_entry_pillars_2
Lair:4:   layout_hall_layers, spider_nest_entry_funnel_web, enter_volcano_1,
          amcnicky_mini_pool_medium, uniq_nergalle, uniq_kirke, uniq_josephine
Orc:1:    nicolae_orc_accident_2, layout_caves, basic_altar, minmay_orc_treasury
Orc:2:    st_orc_congregation, layout_diamond_mine, library_closet, mines1_david

Skill      XL: |  1  2  3  4  5  6  7  8  9 10 11 12 13 14 15 16 |
---------------+-------------------------------------------------+-----
Spellcasting   | 1 2 3 5 8 |  8.2
Axes           | 5 |  5.4
Fighting       | 6 |  6.9
Conjurations   | 5 6 9 |  9.0
Short Blades   | 5 10 11 | 11.8
Long Blades    | 7 11 | 11.9
Bows           | 3 5 |  5.3
Armour         | 3 6 |  6.7
Maces & Flails | 8 13 | 13.5
Evocations     | 4 |  4.0
Dodging        | |  3.4
Stealth        | |  2.2

Action                   |  1- 3 |  4- 6 |  7- 9 | 10-12 | 13-15 | 16-18 || total
-------------------------+-------+-------+-------+-------+-------+-------++-------
Melee: Hand axe          |   101 |   281 |   123 |       |       |       ||   505
       Bite              |       |       |    14 |   103 |   238 |    15 ||   370
       Short sword       |       |       |    42 |   186 |   689 |     6 ||   923
       Long sword        |       |       |       |   324 |   343 |       ||   667
       Flail             |       |       |       |       |   154 |    87 ||   241
       Pseudopods        |       |       |       |       |    27 |    22 ||    49
       Trident           |       |       |       |       |     2 |       ||     2
Throw: Stone             |       |       |       |     4 |     1 |       ||     5
       Throwing net      |       |       |       |       |     1 |       ||     1
       Boomerang         |       |       |       |       |     1 |       ||     1
Invok: Slimify           |       |     1 |     1 |     1 |     2 |       ||     5
       Oozemancy         |       |       |       |     6 |     7 |     1 ||    14
 Abil: Evoke Blink       |       |       |       |     1 |     2 |       ||     3
Evoke: Wand              |       |       |       |    35 |    51 |       ||    86
  Use: Scroll            |     1 |     3 |     1 |     8 |     7 |       ||    20
       Potion            |       |     1 |     3 |       |     1 |       ||     5
 Stab: Sleeping          |     2 |     2 |       |       |       |       ||     4
       Confused          |       |       |     7 |    28 |    18 |     2 ||    55
       Distracted        |       |       |     1 |       |     1 |       ||     2
Armor: Robe              |     9 |       |       |       |       |       ||     9
       Leather armour    |    19 |    98 |       |       |       |       ||   117
       Ring mail         |       |     5 |    31 |    30 |       |       ||    66
       Skin              |       |       |     8 |       |       |       ||     8
       Plate armour      |       |       |       |   129 |   550 |    45 ||   724
Dodge: Dodged            |    65 |   276 |    96 |   126 |   261 |    45 ||   869
Block: Other             |       |       |       |    95 |   188 |    18 ||   301
       Reflection        |       |       |       |       |    10 |       ||    10

Table legend: (Time is in decaauts)
 A = Elapsed time spent in this place.
 B = Non-inter-level travel time spent in this place.
 C = Inter-level travel time spent in this place.
 D = Time resting spent in this place.
 E = Time spent auto-exploring this place.
 F = Levels seen in this place.
 G = Mean time per level.
                   A        B        C        D        E       F      G
               +--------+--------+--------+--------+--------+-----+--------+
         Total |  19653 |  18508 |   1145 |   1831 |   9195 |  22 |  893.3 |
       Dungeon |  13023 |  12101 |    922 |   1013 |   6691 |  15 |  868.2 |
          Lair |   3104 |   3048 |     56 |    195 |   1755 |   4 |  776.0 |
  Orcish Mines |   3107 |   2941 |    166 |    620 |    681 |   2 | 1553.5 |
         Sewer |    418 |    418 |      0 |      3 |     67 |   1 |  418.0 |
               +--------+--------+--------+--------+--------+-----+--------+

Top non-repeatable levels by time:
     D:7: 2042 daAuts
   Orc:1: 1848 daAuts
     D:9: 1348 daAuts
   Orc:2: 1258 daAuts
  Lair:3: 1214 daAuts
    D:11: 1116 daAuts
     D:3: 1001 daAuts
  Lair:1: 926 daAuts
    D:15: 924 daAuts
     D:4: 896 daAuts
  Lair:2: 870 daAuts
    D:13: 837 daAuts
    D:14: 755 daAuts
     D:5: 716 daAuts
    D:12: 707 daAuts
